AoeStats
← mryendl2410

MegaRandom

509117983Analyzed
4v4 RM · 7d ago on Sep 25, 2026· 33m 1s· 8 players
Game mode
Random Map
Map size
Large (8 player)
Population
200
Speed
Normal
Resources
Standard
Victory
Conquest
Starting age
Dark Age
Ending age
Imperial Age
RankedLock teamsTeams togetherTeam positionsShared explorationLock speedFull tech treeHidden civsTurbo modeCheats
Victory
Defeat
🇻🇳 Ethiopians · Vietnam
1405
+12
🇺🇸 Danes · United States
1401
+12
🇮🇳 Romans · India
1362
+14
🇻🇳 Mongols · Vietnam
1340
+15
🇹🇼 Persians · Taiwan
1355
-15
🇭🇰 Koreans · Hong Kong SAR China
1336
-14
🇹🇼 Britons · Taiwan
1297
-12
🇹🇼 Spanish · Taiwan
1291
-12
FreakinGorkha
0:48 Loom
10:10 Feudal Age
10:41 Double-Bit Axe
10:42 Horse Collar
18:03 Castle Age
16:47 Bloodlines
17:36 Scale Barding Armor
19:56 Husbandry
24:59 Chain Barding Armor
25:18 Elite Skirmisher
26:54 Fletching
27:20 Bow Saw
28:02 Bodkin Arrow
29:23 Padded Archer Armor
31:20 Leather Archer Armor
32:08 Ballistics
Polestar
0:36 Loom
8:39 Feudal Age
8:49 Man-at-Arms
10:30 Arson
12:03 Forging
22:54 Castle Age
21:52 Scale Mail Armor
23:20 Double-Bit Axe
23:11 Long Swordsman
24:01 Squires
24:15 Horse Collar
24:43 Gambesons
piecardinap
10:39 Feudal Age
10:42 Loom
11:40 Double-Bit Axe
13:01 Scale Barding Armor
12:41 Horse Collar
17:58 Bloodlines
22:14 Castle Age
20:54 Gold Mining
25:28 Wheelbarrow
26:22 Chain Barding Armor
26:59 Husbandry
30:59 Stone Mining
31:21 Bow Saw
31:12 Heavy Plow
31:48 Hand Cart
34:19 Imperial Age
mryendl2410
2:19 Loom
8:22 Feudal Age
15:51 Fletching
17:46 Double-Bit Axe
24:40 Castle Age
23:16 Padded Archer Armor
23:13 Horse Collar
23:57 Gold Mining
25:18 Bodkin Arrow
24:47 Crossbowman
28:01 Ballistics
28:42 Wheelbarrow
29:04 Leather Archer Armor
34:46 Imperial Age
Sasankuros
6:57 Loom
9:42 Feudal Age
10:23 Double-Bit Axe
13:53 Horse Collar
17:38 Castle Age
24:45 Fletching
24:56 Padded Archer Armor
25:26 Bodkin Arrow
27:08 Gold Mining
27:08 Stone Mining
27:31 Bow Saw
28:31 Heavy Plow
29:08 Leather Archer Armor
31:00 Ballistics
35:21 Imperial Age
kenchen
0:30 Loom
9:23 Feudal Age
13:51 Castle Age
26:10 Husbandry
27:37 Padded Archer Armor
29:05 Leather Archer Armor
BILLLLLLLYYY
0:28 Loom
8:35 Feudal Age
26:54 Castle Age
27:34 Fletching
29:51 Double-Bit Axe
z3qc7i0oc5s1k
0:30 Loom
Connection lost

Rejoining the realm…

Still unreachable

The connection could not be restored.

Session expired

The server has moved on; the page needs a fresh start.